 Dungeon Crawl Stone Soup version 0.31-a0-219-g8d62b2e7bb (webtiles) character file.

Game seed: 13475771430250658957

49 pokeman the Magician (level 3, 0/20 HPs)
             Began as a Deep Elf Hedge Wizard on July 3, 2023.
             Slain by a gnoll
             ... wielding a +0 whip
              (5 damage)
             ... on level 2 of the Dungeon.
             The game lasted 00:03:14 (1789 turns).

pokeman the Magician (Deep Elf Hedge Wizard)        Turns: 1789, Time: 00:03:14

Health: 0/20       AC:  3    Str:  7    XL:     3   Next: 51%
Magic:  0/11       EV: 12    Int: 20    God:
Gold:   66         SH:  0    Dex: 14    Spells: 4/12 levels left

rFire   . . .        a - +0 dagger
rCold   . . .        (no shield)
rNeg    . . .        b - +0 robe
rPois   .            e - +0 helmet
rElec   .            (no cloak)
rCorr   .            (no gloves)
SInv    .            (no boots)
Will    .....        (no amulet)
Stlth   ++           (no ring)
HPRegen 0.23/turn    (no ring)
MPRegen 0.12/turn

%: no passive effects
@: no status effects
A: no striking features
a: no special abilities


You were on level 2 of the Dungeon.
You visited 1 branch of the dungeon, and saw 2 of its levels.

You collected 66 gold pieces.

Inventory:

Hand Weapons
 a - a +0 dagger (weapon)
Missiles
 c - 5 curare-tipped darts
Armour
 b - a +0 robe (worn)
 e - a +0 helmet (worn)
Wands
 j - a wand of iceblast (6)
Scrolls
 h - a scroll of enchant weapon {unknown}
 i - a scroll of vulnerability {unknown}
 l - a scroll of blinking {unknown}
 m - 2 scrolls of identify {unknown}
Potions
 d - 2 potions of magic
 f - 2 potions of invisibility {unknown}
 g - a potion of heal wounds {unknown}
 k - a potion of brilliance {unknown}
 n - a potion of enlightenment {unknown}


   Skills:
 + Level 0.9 Fighting
 + Level 0.9 Armour
 - Level 2.4 Dodging
 - Level 2.4 Stealth
 * Level 5.3 Spellcasting
 + Level 1.9 Conjurations
 - Level 1.1 Summonings
 - Level 1.1 Translocations


You had 4 spell levels left.
You knew the following spells:

 Your Spells              Type           Power      Damage    Failure   Level
a - Magic Dart            Conj           52%        1d5       4%          1
b - Mephitic Cloud        Conj/Pois/Air  7%         N/A       26%         3
c - Call Imp              Summ           18%        N/A       11%         2
d - Blink                 Tloc           18%        N/A       11%         2

Your spell library contained the following spells:

 Spells                   Type           Power      Damage    Failure   Level
 Slow                     Hex            20%        N/A       11%         1
 Cigotuvi's Dreadful Rot  Necr/Pois/Air  10%        N/A       17%         2


Dungeon Overview and Level Annotations

Branches:
Dungeon (2/15)

Altars:

Annotations:
D:2 1 runed translucent door, Crazy Yiuf


Message History

Confirm with . or Enter, or press ? or * to list all spells.
You don't have enough magic to cast this spell.
Unknown command.
You hit the gnoll.
The gnoll is heavily wounded.
The gnoll is engulfed in noxious fumes.
The gnoll appears confused.
Unknown command.
The gnoll is engulfed in noxious fumes.
The gnoll appears confused.
The gnoll laughs at nothing.
Things that are here:
a +2 flail of holy wrath; a gnoll corpse The gnoll closely misses the gnoll.
The gnoll attacks as you move away! The gnoll barely misses you.
The gnoll hits the gnoll with a +0 halberd.
The gnoll attacks as you move away! The gnoll hits you with a +0 whip.
Casting: Mephitic Cloud (extremely dangerous; 26% risk of failure)
Confirm with . or Enter, or press ? or * to list all spells.
You don't have enough magic to cast this spell.
The gnoll hits you with a +0 whip. The gnoll attacks as you move away!
The gnoll closely misses you.
Casting: Mephitic Cloud (extremely dangerous; 26% risk of failure)
Confirm with . or Enter, or press ? or * to list all spells.
A tiny devil pulls itself out of the air.
The gnoll hits you with a +0 whip.
* * * LOW HITPOINT WARNING * * *
The ball python misses your cerulean imp.
The ball python closely misses your cerulean imp.
You hit the gnoll but do no damage.
The ball python closely misses your cerulean imp.
The ball python misses your cerulean imp.
The gnoll barely misses you.
Your cerulean imp hits the ball python but does no damage.
Unknown command.
The gnoll attacks as you move away! The gnoll misses you.
The ball python bites your cerulean imp but does no damage.
The ball python misses your cerulean imp.
Your cerulean imp hits the ball python with a -4 spear.
The ball python dies!
The gnoll attacks as you move away! The gnoll hits you with a +0 whip.
You die...

#.####..#..# #..#.....
#.## #..#..#### #........
#..# ##.......## #.#.....#
##.####........###.#...###
#.....#.......... .......
#.....##..[...# #.##..
#.............# #.#..
#.....##....### #.>.
#.....###@### #..# ###..##
#.g.# #.g# ##.# ###.#
##g.##... #.# #5###
#.g.##[.# #.# #.g.##
#.#.##... #. ###..#
#.#....#. ####.###....###.
#...........###.
#........##.##[.


You could see a gnoll (ally target), a goblin and a friendly cerulean imp
(summoned).

Vanquished Creatures
  A gnoll (D:2)
  A worm (D:1)
  A dart slug (D:2)
  2 bats
  4 endoplasms
  A giant cockroach (D:1)
  3 goblins
  4 hobgoblins (D:1)
  6 kobolds
  2 quokkas (D:2)
  2 frilled lizards (D:1)
  3 rats
30 creatures vanquished.

Vanquished Creatures (collateral kills)
  A ball python (D:2)
1 creature vanquished.

Grand Total: 31 creatures vanquished

Notes
Turn   | Place    | Note
-------+----------+-------------------------------------------
     0 | D:1      | pokeman the Deep Elf Hedge Wizard began the quest for the
                  | Orb.
     0 | D:1      | Reached XP level 1. HP: 10/10 MP: 7/7
   344 | D:1      | Reached XP level 2. HP: 13/16 MP: 1/9
  1168 | D:2      | Found a runed translucent door.
  1169 | D:2      | Noticed Crazy Yiuf
  1288 | D:1      | Reached skill level 5 in Spellcasting
  1558 | D:2      | Reached XP level 3. HP: 20/20 MP: 8/11
  1571 | D:1      | Learned a level 3 spell: Mephitic Cloud
  1574 | D:1      | Learned a level 2 spell: Call Imp
  1577 | D:1      | Learned a level 2 spell: Blink
  1789 | D:2      | Slain by a gnoll

Illustrated notes

Levels and vault maps discovered:
D:1:      lordsloth_arrival_two_stooges, layout_loops_ring
D:2:      layout_rooms, uniq_crazy_yiuf_cottage

Skill      XL: |  1  2 |
---------------+-------+-----
Spellcasting   | 5 |  5.3
Fighting       | |  0.9
Armour         | |  0.9
Dodging        | |  2.4
Stealth        | |  2.4
Conjurations   | |  1.9
Summonings     | |  1.1
Translocations | |  1.1

Action                     || total
---------------------------++-------
  Melee: Dagger            ||     3
   Cast: Magic Dart        ||    94
         Mephitic Cloud    ||     1
         Call Imp          ||     1
 Armour: Robe              ||    11
  Dodge: Dodged            ||    30

Table legend: (Time is in decaauts)
 A = Elapsed time spent in this place.
 B = Non-inter-level travel time spent in this place.
 C = Inter-level travel time spent in this place.
 D = Time resting spent in this place.
 E = Time spent auto-exploring this place.
 F = Levels seen in this place.
 G = Mean time per level.
                   A        B        C        D        E       F      G
               +--------+--------+--------+--------+--------+-----+--------+
         Total |   1792 |   1702 |     90 |     30 |   1409 |   2 |  896.0 |
       Dungeon |   1792 |   1702 |     90 |     30 |   1409 |   2 |  896.0 |
               +--------+--------+--------+--------+--------+-----+--------+

Top non-repeatable levels by time:
     D:1: 1327 daAuts
     D:2: 465 daAuts
